[ AOE2 MATCH · #505290774 ]
UnrankedMaya vs Burmese
Player's team · WIN
Rival team · LOSS
[ REPLAY ANALYSIS · EXTRACTED FROM THE RECORDED GAME ]
Feudal
9:44
Castle
24:09
Imperial
41:48
| APM avg | 85.9 |
| APM peak | 123 |
| eAPM avg | 32.9 |
| Villagers / military | 147 / 131 |
Focus
⚔️ 32.6% · 🌾 67.4%
Plumed Archer ×91 · Archer ×20 · Eagle Scout ×5 · Mangonel ×4 · Trebuchet (Packed) ×4 · Monk ×3
Feudal
9:30
Castle
23:26
Imperial
39:41
| APM avg | 85.6 |
| APM peak | 137 |
| eAPM avg | 42.1 |
| Villagers / military | 208 / 113 |
Focus
⚔️ 32.0% · 🌾 68.0%
Arambai ×47 · Militia ×28 · Skirmisher ×27 · Trebuchet (Packed) ×5 · Mangonel ×3 · Battering Ram ×2
Match map
Initial resources + every placement click. Lines = walls · curves = elevation contours. ◆ gold · ⬟ stone · ● berries · ✦ relic · ◌ wall gap
Your base· Open — unwalled flank
[GLD] Abu abdullah's base· Open — unwalled flank
Smoothed initial terrain · ◌ = detected wall gap · hover for details
Inputs per minute
— jsemosoom - - [GLD] Abu abdullah
Build order — jsemosoom
First 150 of 462 actions detected
| 0:00 | Research | Loom |
| 0:00 | Create | Villager (Male) |
| 0:01 | Create | Villager (Male) |
| 0:02 | Build | House |
| 0:03 | Build | House |
| 0:18 | Create | Villager (Male) |
| 1:31 | Create | Villager (Male) |
| 1:59 | Create | Villager (Male) |
| 2:18 | Create | Villager (Male) |
| 2:20 | Build | Lumber Camp |
| 2:40 | Create | Villager (Male) |
| 2:43 | Create | Villager (Male) |
| 3:03 | Create | Villager (Male) |
| 3:33 | Create | Villager (Male) |
| 3:49 | Build | House |
| 3:59 | Build | House |
| 4:27 | Build | Palisade Wall |
| 4:27 | Build | Palisade Wall |
| 4:32 | Create | Villager (Male) |
| 4:49 | Create | Villager (Male) |
| 5:09 | Create | Villager (Male) |
| 5:09 | Create | Villager (Male) |
| 5:30 | Create | Villager (Male) |
| 5:50 | Build | Barracks |
| 5:53 | Create | Villager (Male) |
| 6:05 | Build | Palisade Wall |
| 6:43 | Build | Mill |
| 7:09 | Create | Villager (Male) |
| 7:33 | Research | Feudal Age |
| 7:38 | Build | Mining Camp |
| 7:42 | Create | Militia |
| 7:55 | Create | Militia |
| 8:13 | Build | House |
| 8:22 | Create | Militia |
| 8:53 | Create | Villager (Male) |
| 9:16 | Build | Palisade Wall |
| 9:16 | Build | Palisade Wall |
| 9:18 | Build | Palisade Wall |
| 9:19 | Build | Palisade Wall |
| 9:43 | Build | Palisade Wall |
| 9:44 | Age | Feudal Age |
| 9:44 | Build | Palisade Wall |
| 9:46 | Build | Archery Range |
| 9:47 | Research | Man-at-Arms (upgrade) |
| 9:48 | Research | Double-Bit Axe |
| 9:50 | Create | Villager (Male) |
| 9:52 | Build | Palisade Wall |
| 10:02 | Build | Palisade Wall |
| 10:23 | Create | Villager (Male) |
| 10:26 | Create | Archer |
| 10:37 | Create | Villager (Male) |
| 10:38 | Build | Farm |
| 10:39 | Build | Farm |
| 10:42 | Build | House |
| 10:53 | Create | Archer |
| 11:15 | Create | Villager (Male) |
| 11:17 | Build | Farm |
| 11:18 | Create | Villager (Male) |
| 11:31 | Create | Villager (Male) |
| 11:31 | Create | Villager (Male) |
| 11:46 | Build | Farm |
| 11:51 | Build | Farm |
| 11:52 | Build | Farm |
| 12:02 | Create | Villager (Male) |
| 12:07 | Build | House |
| 12:08 | Create | Archer |
| 12:13 | Build | Farm |
| 12:19 | Build | Farm |
| 12:25 | Create | Villager (Male) |
| 12:36 | Build | Palisade Wall |
| 12:47 | Create | Villager (Male) |
| 13:11 | Build | Blacksmith |
| 13:14 | Create | Archer |
| 13:18 | Create | Villager (Male) |
| 13:27 | Build | Farm |
| 13:27 | Build | Farm |
| 13:33 | Create | Villager (Male) |
| 13:35 | Create | Archer |
| 13:39 | Build | Farm |
| 13:57 | Create | Villager (Male) |
| 14:16 | Build | House |
| 14:24 | Research | Wheelbarrow |
| 14:33 | Create | Villager (Male) |
| 14:37 | Research | Fletching |
| 14:37 | Research | Fletching |
| 14:41 | Build | Farm |
| 14:42 | Build | Farm |
| 14:46 | Build | House |
| 14:50 | Create | Archer |
| 14:52 | Research | Scale Mail Armor |
| 15:00 | Create | Villager (Male) |
| 15:02 | Build | Farm |
| 15:02 | Build | Farm |
| 15:16 | Create | Villager (Male) |
| 15:16 | Create | Archer |
| 15:25 | Create | Archer |
| 15:36 | Build | Farm |
| 15:36 | Build | Farm |
| 15:40 | Create | Archer |
| 16:03 | Build | House |
| 16:04 | Build | House |
| 16:04 | Build | House |
| 16:06 | Create | Villager (Male) |
| 16:15 | Create | Eagle Scout |
| 16:18 | Create | Villager (Male) |
| 16:38 | Create | Archer |
| 16:41 | Create | Villager (Male) |
| 16:49 | Create | Eagle Scout |
| 16:56 | Research | Forging |
| 16:56 | Research | Forging |
| 17:00 | Build | House |
| 17:05 | Build | Farm |
| 17:10 | Create | Eagle Scout |
| 17:12 | Create | Villager (Male) |
| 17:14 | Build | House |
| 17:36 | Create | Villager (Male) |
| 17:41 | Create | Archer |
| 17:45 | Create | Archer |
| 17:46 | Create | Archer |
| 17:59 | Build | Barracks |
| 18:05 | Create | Archer |
| 18:14 | Create | Archer |
| 18:16 | Create | Villager (Male) |
| 18:22 | Build | Watch Tower |
| 18:37 | Create | Villager (Male) |
| 18:55 | Create | Villager (Male) |
| 18:57 | Build | Lumber Camp |
| 19:17 | Create | Villager (Male) |
| 19:27 | Create | Archer |
| 19:33 | Create | Villager (Male) |
| 19:48 | Create | Villager (Male) |
| 20:06 | Create | Villager (Male) |
| 20:33 | Create | Villager (Male) |
| 20:43 | Build | Market |
| 20:44 | Build | Mining Camp |
| 21:23 | Research | Castle Age |
| 21:23 | Research | Castle Age |
| 21:36 | Create | Villager (Male) |
| 21:44 | Create | Archer |
| 21:50 | Build | House |
| 21:56 | Build | House |
| 22:02 | Create | Eagle Scout |
| 22:03 | Create | Archer |
| 22:25 | Create | Archer |
| 22:26 | Create | Eagle Scout |
| 22:33 | Build | Stone Wall |
| 22:45 | Build | House |
| 22:46 | Build | House |
| 22:58 | Build | Farm |
| 22:58 | Build | Farm |
Build order — [GLD] Abu abdullah
First 150 of 548 actions detected
| 0:00 | Create | Villager (Male) |
| 0:01 | Build | House |
| 0:02 | Build | House |
| 0:04 | Create | Villager (Male) |
| 0:06 | Create | Villager (Male) |
| 0:08 | Create | Villager (Male) |
| 1:23 | Create | Villager (Male) |
| 1:23 | Create | Villager (Male) |
| 2:15 | Build | Lumber Camp |
| 2:17 | Create | Villager (Male) |
| 2:17 | Create | Villager (Male) |
| 2:30 | Create | Villager (Male) |
| 3:16 | Create | Villager (Male) |
| 3:16 | Create | Villager (Male) |
| 3:44 | Create | Villager (Male) |
| 3:44 | Create | Villager (Male) |
| 4:02 | Build | House |
| 4:13 | Create | Villager (Male) |
| 4:13 | Create | Villager (Male) |
| 4:15 | Create | Villager (Male) |
| 4:15 | Create | Villager (Male) |
| 4:15 | Create | Villager (Male) |
| 4:47 | Create | Villager (Male) |
| 4:47 | Create | Villager (Male) |
| 5:07 | Create | Villager (Male) |
| 5:17 | Build | Barracks |
| 5:45 | Build | House |
| 6:18 | Research | Loom |
| 6:18 | Research | Loom |
| 6:22 | Create | Villager (Male) |
| 6:35 | Research | Loom |
| 6:36 | Research | Loom |
| 7:20 | Research | Feudal Age |
| 7:20 | Research | Feudal Age |
| 7:33 | Create | Militia |
| 7:54 | Create | Militia |
| 7:54 | Create | Militia |
| 8:10 | Create | Militia |
| 8:10 | Create | Militia |
| 8:19 | Build | House |
| 8:20 | Build | House |
| 8:42 | Build | Mill |
| 8:52 | Create | Villager (Male) |
| 9:23 | Create | Villager (Male) |
| 9:30 | Age | Feudal Age |
| 9:30 | Research | Man-at-Arms (upgrade) |
| 9:32 | Build | Archery Range |
| 9:40 | Create | Villager (Male) |
| 9:58 | Create | Villager (Male) |
| 10:24 | Build | House |
| 10:25 | Build | House |
| 10:27 | Build | Palisade Wall |
| 10:35 | Create | Villager (Male) |
| 10:38 | Create | Skirmisher |
| 10:38 | Create | Skirmisher |
| 10:47 | Build | Mining Camp |
| 11:27 | Build | Palisade Wall |
| 11:30 | Build | Palisade Wall |
| 11:32 | Build | Palisade Wall |
| 11:45 | Build | Blacksmith |
| 11:46 | Build | Farm |
| 11:46 | Build | Farm |
| 11:48 | Build | Farm |
| 11:49 | Build | Farm |
| 11:51 | Build | House |
| 11:53 | Build | Palisade Wall |
| 12:04 | Build | Farm |
| 12:04 | Build | Farm |
| 12:19 | Create | Villager (Male) |
| 12:23 | Build | Farm |
| 13:00 | Create | Skirmisher |
| 13:06 | Build | Farm |
| 13:06 | Build | Farm |
| 13:17 | Create | Skirmisher |
| 13:21 | Create | Villager (Male) |
| 13:28 | Build | Farm |
| 13:47 | Build | Farm |
| 13:54 | Create | Skirmisher |
| 13:58 | Build | Palisade Wall |
| 14:04 | Build | Palisade Wall |
| 14:12 | Build | Palisade Wall |
| 14:15 | Create | Skirmisher |
| 14:18 | Create | Militia |
| 14:19 | Create | Villager (Male) |
| 14:19 | Create | Villager (Male) |
| 14:21 | Create | Villager (Male) |
| 14:24 | Build | Farm |
| 14:44 | Research | Fletching |
| 14:44 | Research | Fletching |
| 14:48 | Create | Villager (Male) |
| 14:53 | Build | Farm |
| 14:58 | Build | Farm |
| 15:04 | Create | Militia |
| 15:16 | Create | Militia |
| 15:24 | Create | Skirmisher |
| 15:43 | Create | Militia |
| 15:44 | Create | Skirmisher |
| 15:47 | Create | Villager (Male) |
| 15:50 | Build | Farm |
| 15:52 | Create | Villager (Male) |
| 15:52 | Create | Villager (Male) |
| 16:15 | Create | Militia |
| 16:18 | Create | Villager (Male) |
| 16:33 | Research | Padded Archer Armor |
| 16:33 | Research | Padded Archer Armor |
| 16:43 | Create | Skirmisher |
| 16:46 | Build | Farm |
| 16:47 | Build | Farm |
| 16:50 | Create | Militia |
| 17:00 | Create | Villager (Male) |
| 17:02 | Build | Farm |
| 17:12 | Build | House |
| 17:23 | Create | Militia |
| 17:37 | Create | Skirmisher |
| 17:51 | Create | Skirmisher |
| 17:51 | Create | Villager (Male) |
| 17:53 | Create | Villager (Male) |
| 17:53 | Create | Villager (Male) |
| 17:54 | Build | Farm |
| 17:59 | Create | Villager (Male) |
| 18:18 | Create | Skirmisher |
| 18:29 | Create | Villager (Male) |
| 18:35 | Create | Skirmisher |
| 18:36 | Create | Villager (Male) |
| 18:45 | Create | Villager (Male) |
| 18:54 | Create | Skirmisher |
| 18:55 | Create | Militia |
| 18:56 | Create | Villager (Male) |
| 19:04 | Build | House |
| 19:25 | Create | Skirmisher |
| 19:27 | Create | Militia |
| 19:27 | Create | Militia |
| 19:36 | Create | Villager (Male) |
| 19:46 | Create | Villager (Male) |
| 19:47 | Create | Militia |
| 19:53 | Create | Villager (Male) |
| 19:57 | Create | Villager (Male) |
| 19:57 | Create | Villager (Male) |
| 20:46 | Research | Castle Age |
| 20:46 | Research | Castle Age |
| 20:51 | Create | Skirmisher |
| 21:07 | Build | Farm |
| 21:07 | Build | Farm |
| 21:12 | Create | Militia |
| 21:19 | Create | Skirmisher |
| 21:45 | Create | Militia |
| 21:52 | Build | Lumber Camp |
| 21:56 | Create | Villager (Male) |
| 22:05 | Create | Skirmisher |
| 22:06 | Create | Militia |
Match timeline
| 4:27 | jsemosoom · wall_segment Palisade Wall x1 |
| 4:27 | jsemosoom · wall_segment Palisade Wall x1 |
| 5:17 | [GLD] Abu abdullah · first_building Barracks |
| 5:50 | jsemosoom · first_building Barracks |
| 6:05 | jsemosoom · wall_segment Palisade Wall x1 |
| 9:16 | jsemosoom · wall_segment Palisade Wall x1 |
| 9:16 | jsemosoom · wall_segment Palisade Wall x1 |
| 9:18 | jsemosoom · wall_segment Palisade Wall x1 |
| 9:19 | jsemosoom · wall_segment Palisade Wall x1 |
| 9:30 | [GLD] Abu abdullah · age_up feudal |
| 9:32 | [GLD] Abu abdullah · first_building Archery Range |
| 9:43 | jsemosoom · wall_segment Palisade Wall x1 |
| 9:44 | jsemosoom · age_up feudal |
| 9:44 | jsemosoom · wall_segment Palisade Wall x1 |
| 9:46 | jsemosoom · first_building Archery Range |
| 9:52 | jsemosoom · wall_segment Palisade Wall x1 |
| 10:02 | jsemosoom · wall_segment Palisade Wall x1 |
| 10:27 | [GLD] Abu abdullah · wall_segment Palisade Wall x1 |
| 11:27 | [GLD] Abu abdullah · wall_segment Palisade Wall x3 |
| 11:30 | [GLD] Abu abdullah · wall_segment Palisade Wall x1 |
| 11:32 | [GLD] Abu abdullah · wall_segment Palisade Wall x1 |
| 11:53 | [GLD] Abu abdullah · wall_segment Palisade Wall x1 |
| 12:36 | jsemosoom · wall_segment Palisade Wall x1 |
| 13:58 | [GLD] Abu abdullah · wall_segment Palisade Wall x1 |
| 14:04 | [GLD] Abu abdullah · wall_segment Palisade Wall x2 |
| 14:12 | [GLD] Abu abdullah · wall_segment Palisade Wall x1 |
| 21:22 | jsemosoom · first_market_sell 100 wood |
| 22:33 | jsemosoom · wall_segment Stone Wall x1 |
| 23:13 | jsemosoom · first_market_buy 100 wood |
| 23:26 | [GLD] Abu abdullah · age_up castle |
| 24:09 | jsemosoom · age_up castle |
| 25:23 | [GLD] Abu abdullah · first_building Siege Workshop |
| 25:49 | jsemosoom · wall_segment Stone Wall x1 |
| 26:05 | jsemosoom · first_building Siege Workshop |
| 27:51 | jsemosoom · first_building Castle |
| 30:31 | [GLD] Abu abdullah · first_market_buy 100 stone |
| 33:49 | jsemosoom · first_building Monastery |
| 35:21 | [GLD] Abu abdullah · first_building Castle |
| 36:24 | [GLD] Abu abdullah · first_market_sell 100 food |
| 38:45 | [GLD] Abu abdullah · first_building Stable |
| 39:41 | [GLD] Abu abdullah · age_up imperial |
| 40:42 | [GLD] Abu abdullah · wall_segment Stone Wall x13 |
| 41:41 | [GLD] Abu abdullah · wall_segment Stone Wall x9 |
| 41:48 | jsemosoom · age_up imperial |
| 41:57 | [GLD] Abu abdullah · wall_segment Stone Wall x8 |
| 44:26 | [GLD] Abu abdullah · resign |
[ AI ANALYSIS · 1 CREDIT ]
What really happened in this match?
Wolo.gg analyzes every decision: build order, eco, micro, common mistakes by bracket. Personalized analysis on WhatsApp or Discord in 30 seconds.
Civ guide
Maya
Perfil
Jugador #2388792